 Dungeon Crawl Stone Soup version 0.30-a0-618-gd6c86c23d0 (webtiles) character file.

Game seed: 17132319446415780569

1383 wormed the Slasher (level 8, -1/48 HPs)
             Began as a Gargoyle Gladiator on Jan 9, 2023.
             Slain by a gnoll
             ... wielding a +0 club
             ... led by a gnoll bouda
              (7 damage)
             ... on level 5 of the Dungeon.
             The game lasted 00:07:43 (6160 turns).

wormed the Slasher (Gargoyle Gladiator)             Turns: 6160, Time: 00:07:44

Health: -1/48      AC: 14    Str: 17    XL:     8   Next: 67%
Magic:  8/8        EV: 13    Int: 10    God:
Gold:   311        SH:  0    Dex: 13    Spells: 7/7 levels left

rFire   + . .      SeeInvis .    D - +0 falchion (elec)
rCold   . . .      Faith    .    (no shield)
rNeg    + . .      Spirit   .    B - +2 leather armour {rF+}
rPois   ∞          Reflect  .    c - +0 helmet
rElec   +          Harm     .    (no cloak)
rCorr   .          Rampage  .    k - +0 pair of gloves
Will    .....                    y - +0 pair of boots
Stlth   +                        m - amulet of magic regeneration
HPRegen 0.28/turn                (no ring)
MPRegen 0.51/turn                (no ring)

@: no status effects
A: sickness immunity, AC +5, negative energy resistance 1, electricity
resistance, torment resistance 1, petrification resistance
a: no special abilities


You were on level 5 of the Dungeon.
You visited 1 branch of the dungeon, and saw 6 of its levels.

You collected 311 gold pieces.

Inventory:

Hand Weapons
 a - a +0 long sword
 l - a +5 short sword of venom
 D - a +0 falchion of electrocution (weapon)
Missiles
 d - 3 throwing nets (quivered)
 e - a javelin
Armour
 c - a +0 helmet (worn)
 k - a +0 pair of gloves (worn)
 y - a +0 pair of boots (worn)
 B - a +2 leather armour of fire resistance (worn)
Jewellery
 m - an amulet of magic regeneration (around neck)
 x - a ring of wizardry
Wands
 i - a wand of acid (14)
 u - a wand of iceblast (8)
Scrolls
 f - 3 scrolls of teleportation
 o - a scroll of brand weapon
 s - a scroll of enchant weapon
 t - 2 scrolls of fog
 C - a scroll of fear
Potions
 g - 3 potions of attraction
 h - a potion of might {unknown}
 j - a potion of curing {unknown}
 n - 2 potions of mutation
 p - a potion of lignification
 q - a potion of ambrosia
 r - 2 potions of flight {unknown}
 v - a potion of degeneration {unknown}
 w - 2 potions of brilliance
 z - a potion of magic {unknown}
 A - a potion of invisibility {unknown}


   Skills:
 + Level 4.7 Fighting
 * Level 5.8 Long Blades
 + Level 3.8 Throwing
 + Level 3.9 Armour
 + Level 4.0 Dodging
 + Level 4.0 Shields


You had 7 spell levels left.
You didn't know any spells.
Your spell library contained the following spells:

 Spells                   Type           Power      Damage    Failure   Level
 Freeze                   Ice            0%         1d3       41%         1
 Frozen Ramparts          Ice            0%         1d1       80%         3
 Hailstorm                Conj/Ice       0%         3d3       80%         3


Dungeon Overview and Level Annotations

Branches:
Dungeon (6/15)
 Temple: D:4-7

Altars:
Fedhas
Kikubaaqudgha
Makhleb
Vehumet


Innate Abilities, Weirdness & Mutations

You are immune to sickness and miasma.
Your stone body is resilient. (AC +5)
You are immune to poison.
You resist negative energy. (rN+)
You are resistant to electric shocks. (rElec)
You are resistant to unholy torment.
You are immune to petrification.


Message History

You are too injured to fight recklessly!
You are too injured to fight recklessly!
You are too injured to fight recklessly!
You are too injured to fight recklessly!
You are too injured to fight recklessly!
You are too injured to fight recklessly!
You are too injured to fight recklessly!
You are too injured to fight recklessly!
You are too injured to fight recklessly!
You hit the gnoll bouda.
The gnoll bouda is lightly wounded.
The gnoll closely misses you.
The gnoll bouda hits you but does no damage.
The gnoll misses you.
You hit the gnoll bouda.
Lightning courses through the gnoll bouda!
The gnoll bouda is almost dead.
The gnoll hits you with a +1 flail of protection!
The gnoll bouda hits you but does no damage.
The gnoll hits you but does no damage.
You closely miss the gnoll.
The gnoll is almost dead.
Your attacks no longer feel as feeble.
The gnoll hits you with a +1 flail of protection.
* * * LOW HITPOINT WARNING * * *
The gnoll bouda closely misses you. The gnoll barely misses you.
You slash the gnoll bouda!
You kill the gnoll bouda!
The gnoll hits you with a +1 flail of protection.
* * * LOW HITPOINT WARNING * * *
The gnoll hits you but does no damage.
You barely miss the gnoll.
The gnoll is almost dead.
The gnoll barely misses you. The gnoll closely misses you.
You hit the gnoll but do no damage.
The gnoll is no longer moving quickly.
The gnoll hits you but does no damage. The gnoll barely misses you.
You hit the gnoll.
The gnoll is heavily wounded.
The gnoll hits you but does no damage. The gnoll hits you with a +0 club!
You die...

###...).# #.....##
#.[[...########
##.[............
##..###.......... ##..##
##......... ###...#
##......##..
#########...).###...........
##.........g@g.#.[..)#.......
#..................####......
#..##...#..........# ##......
#.###..............# #.......
#.##.......###....## #...##..
#.#...##...# ##...# #...##..
#.#..####..# ##..## ##...##.
#...## #..# ##..# ##...#.
#...# #.## #..## ##....


You could see 2 gnolls.

Vanquished Creatures
  An ice beast (D:5)
  An ogre (D:4)
  2 phantoms
  4 scorpions
  A howler monkey (D:5)
  5 hounds
  A gnoll bouda (D:5)
  3 orc priests
  2 jellies (D:5)
  An iguana (D:5)
  5 orc wizards
  A statue (D:3)
  7 gnolls
  4 adders
  A shadow imp (D:5)
  An ufetubus (D:4)
  A worm (D:2)
  2 dart slugs
  31 orcs
  9 ball pythons
  2 bat zombies (D:5)
  9 endoplasms
  3 giant cockroaches
  9 goblins
  5 hobgoblins
  2 jackals (D:4)
  5 quokkas
  8 bats
  5 frilled lizards
  11 kobolds
  7 rats
  A rat zombie (D:5)
150 creatures vanquished.

Vanquished Creatures (others)
  2 fungi (D:6)
2 creatures vanquished.

Grand Total: 152 creatures vanquished

Notes
Turn   | Place    | Note
-------+----------+-------------------------------------------
     0 | D:1      | wormed the Gargoyle Gladiator began the quest for the Orb.
     0 | D:1      | Reached XP level 1. HP: 12/12 MP: 1/1
   145 | D:1      | Reached XP level 2. HP: 15/17 MP: 2/2
   278 | D:1      | Reached skill level 3 in Long Blades
   546 | D:1      | Reached XP level 3. HP: 10/22 MP: 3/3
  1352 | D:2      | Reached skill level 1 in Shields
  1578 | D:2      | Reached XP level 4. HP: 21/27 MP: 4/4
  1797 | D:2      | Identified the +6 flail "Posmaup" {heavy, Int+2}
  1993 | D:3      | Found a radiant altar of Vehumet.
  2070 | D:3      | Reached skill level 1 in Armour
  2462 | D:3      | Reached XP level 5. HP: 31/32 MP: 5/5
  3210 | D:3      | Noticed a frost-covered statue
  3233 | D:3      | Killed a frost-covered statue
  3334 | D:4      | Noticed a phantom
  3349 | D:4      | Killed a phantom
  3350 | D:4      | Reached skill level 4 in Long Blades
  3350 | D:4      | Reached XP level 6. HP: 28/37 MP: 6/6
  3819 | D:4      | Reached XP level 7. HP: 41/41 MP: 7/7
  4598 | D:5      | Entered Level 5 of the Dungeon
  4801 | D:5      | Reached skill level 5 in Long Blades
  4850 | D:5      | Reached XP level 8. HP: 39/48 MP: 8/8
  5017 | D:5      | Found a blossoming altar of Fedhas.
  5653 | D:5      | Found a burning altar of Makhleb.
  6009 | D:5      | Found an ancient bone altar of Kikubaaqudgha.
  6160 | D:5      | Slain by a gnoll

Illustrated notes

Levels and vault maps discovered:
D:1:      wander_arrival_estate, layout_basic
D:2:      layout_basic
D:3:      layout_basic, vehumet_statue, minivault_26
D:4:      layout_basic, minmay_misc_feat_rugged, eino_tiny_chamber,
          minmay_between
D:5:      layout_layer_cave, lemuel_round_altar, nicolae_overflow_crystal_walls,
          lemuel_zombie_altar_kikubaaqudgha, minivault_25,
          minmay_misc_feat_cross
D:6:      layout_basic, kennysheep_little_box, nicolae_uskayaw_dance_hall,
          minmay_temple_entry_offerings, serial_aquarium, aquarium_bridge_square
          [aquarium_subvault_bridge, aquarium_subvault_bridge,
          aquarium_subvault_wall, aquarium_subvault_window],
          aquarium_window_fake, aquarium_window_fake, aquarium_window_corner,
          aquarium_view_2e, aquarium_pool_2

Skill      XL: |  1  2  3  4  5  6  7  8 |
---------------+-------------------------+-----
Long Blades    | 3 4 5 |  5.8
Throwing       | 2 3 |  3.8
Shields        | 1 2 3 4 |  4.0
Armour         | 1 2 3 |  3.9
Fighting       | 3 4 |  4.7
Dodging        | 3 4 |  4.0

Action                   |  1- 3 |  4- 6 |  7- 9 || total
-------------------------+-------+-------+-------++-------
Melee: Long sword        |    89 |       |       ||    89
       Short sword       |    55 |   186 |   209 ||   450
       Punch             |       |       |     1 ||     1
       Falchion          |       |       |    29 ||    29
  Use: Scroll            |       |    12 |     2 ||    14
       Potion            |       |       |     1 ||     1
 Stab: Sleeping          |       |       |     1 ||     1
Armor: Leather armour    |    69 |    71 |    96 ||   236
Dodge: Dodged            |   112 |    86 |   170 ||   368

Table legend: (Time is in decaauts)
 A = Elapsed time spent in this place.
 B = Non-inter-level travel time spent in this place.
 C = Inter-level travel time spent in this place.
 D = Time resting spent in this place.
 E = Time spent auto-exploring this place.
 F = Levels seen in this place.
 G = Mean time per level.
                   A        B        C        D        E       F      G
               +--------+--------+--------+--------+--------+-----+--------+
         Total |   6127 |   5781 |    346 |      0 |   4599 |   6 | 1021.2 |
       Dungeon |   6127 |   5781 |    346 |      0 |   4599 |   6 | 1021.2 |
               +--------+--------+--------+--------+--------+-----+--------+

Top non-repeatable levels by time:
     D:4: 1472 daAuts
     D:5: 1338 daAuts
     D:3: 1297 daAuts
     D:2: 989 daAuts
     D:1: 981 daAuts
     D:6: 47 daAuts
